 Dungeon Crawl Stone Soup version 0.22.1-1-ga44c0e5 (webtiles) character file.

27813 MalarOregon the Carver (level 13, -8/117 HPs)
             Began as a Minotaur Berserker on Sept 21, 2018.
             Was a High Priest of Trog.
             Mangled by a minotaur (11 damage)
             ... in a labyrinth.
             The game lasted 00:32:07 (12275 turns).

MalarOregon the Carver (Minotaur Berserker)        Turns: 12275, Time: 00:32:07

Health: -8/117     AC: 20    Str: 28    XL:     13   Next: 6%
Magic:  12/12      EV: 19    Int:  9    God:    Trog [*****.]
Gold:   469        SH:  0    Dex: 14    Spells: 12/12 levels left

rFire    . . .     SeeInvis .   a - +13 long sword "Ogats" {slice, +Blink +Rage}
rCold    . . .     Gourm    .   (no shield)
rNeg     . . .     Faith    .   k - +1 plate armour
rPois    +         Spirit   .   G - +1 hat
rElec    .         Reflect  .   f - +2 cloak {rPois}
rCorr    .         Harm     .   (no gloves)
MR       .....                  (no boots)
Stlth    ..........             (no amulet)
HPRegen  0.29/turn              o - ring of flight
MPRegen  0.13/turn              v - +5 ring of intelligence

@: agile, lethally poisoned (-8 -> -12), berserk cooldown, slowed, very slow
A: retaliatory headbutt, horns 2
a: Berserk, Trog's Hand, Brothers in Arms, Renounce Religion, Evoke Blink, Evoke
Berserk Rage, Evoke Flight


You were in a labyrinth.
You worshipped Trog.
Trog was extremely pleased with you.
You were very hungry.

You visited 2 branches of the dungeon, and saw 14 of its levels.
You also visited: Labyrinth.

You collected 739 gold pieces.
You spent 270 gold pieces at shops.

Inventory:

Hand Weapons
 a - the +13 long sword "Ogats" (weapon) {slice, +Blink +Rage}
   (Trog gifted it to you on level 9 of the Dungeon)

   It inflicts extra damage upon your enemies.
   It lets you blink.
   It lets you go berserk.
 b - a +0 blowgun
   (You took it off a kobold on level 7 of the Dungeon)
Missiles
 h - 367 stones
 p - 5 curare-tipped needles {!f}
 C - a throwing net {!f}
 H - 104 poisoned needles
 I - 6 needles of sleeping
 J - 13 tomahawks (quivered)
 L - 6 javelins
Armour
 f - a +2 cloak of poison resistance (worn)
   (You took it off Maurice on level 10 of the Dungeon)
 k - a +1 plate armour (worn)
   (You found it on level 1 of the Dungeon)
 G - a +1 hat (worn)
   (You took it off Gastronok on level 9 of the Dungeon)
 M - a +2 scale mail of poison resistance
   (You took it off Urug on level 10 of the Dungeon)
Jewellery
 o - a ring of flight (left hand)
   (You found it on level 1 of the Dungeon)
 v - a +5 ring of intelligence (right hand)
   (You found it on level 4 of the Dungeon)
 y - an uncursed ring of stealth {unknown}
   (You found it on level 1 of the Lair of Beasts)
 Q - an uncursed ring of fire {unknown}
   (You found it on level 11 of the Dungeon)
Wands
 d - a wand of iceblast (15)
   (You found it on level 8 of the Dungeon)
 x - a wand of acid (10)
   (You found it on level 9 of the Dungeon)
Scrolls
 i - a scroll of fear
 l - 2 scrolls of enchant weapon
 m - 6 scrolls of teleportation {@r4}
 r - 2 scrolls of blinking
 z - a scroll of magic mapping
 E - 2 scrolls of remove curse {@r2}
 F - 8 scrolls of identify {@r1}
 N - 2 scrolls of enchant armour
 O - a scroll of fog
 P - 2 scrolls of immolation {!r}
 T - a scroll of holy word
Potions
 g - 4 potions of heal wounds {@q2}
 j - 2 potions of flight {unknown}
 n - 7 potions of curing {@q1}
 q - 8 potions of mutation {!q}
 t - 2 potions of magic
 u - 6 potions of might {unknown}
 w - 3 potions of lignification {!q}
 A - 2 potions of haste {unknown}
 B - a potion of invisibility {unknown}
 D - 4 potions of brilliance {unknown}
Miscellaneous
 K - a lightning rod (2/4) {!a}
   (You found it on level 9 of the Dungeon)
Comestibles
 e - 25 rations {!d}


   Skills:
 + Level 11.7 Fighting
 - Level 14.0 Long Blades
 + Level 9.5 Throwing
 + Level 11.6 Armour
 + Level 10.8 Dodging


You had 12 spell levels left.
You didn't know any spells.
Your spell library was empty.

Dungeon Overview and Level Annotations

Branches:
Dungeon (12/15)            Temple (0/1) D:6            Lair (2/6) D:10
    Orc (0/2) D:9
  Swamp: Lair:2-4    Shoals: Lair:2-4     Snake: Lair:2-4    Spider: Lair:2-4

Altars:
Dithmenos
Elyvilon
Fedhas
Gozag
Makhleb
Qazlal
Ru
Sif Muna
Trog
Uskayaw
Wu Jian
Xom
Zin
The Shining One

Shops:
D:9 (   D:10 *

Annotations:
Lair:2 Sonja


Innate Abilities, Weirdness & Mutations

You reflexively headbutt those who attack you in melee.
You have a pair of horns on your head.


Message History

Unknown command.
You hit the minotaur.
You feel sick.
The minotaur hits you but does no damage.
The minotaur gores you but does no damage.
You hit the minotaur. Your headbutt misses the minotaur.
You feel sick.
The minotaur hits you but does no damage.
The minotaur misses you.
You hit the minotaur but do no damage.
You feel sick. The minotaur hits you! The minotaur gores you!
You hit the minotaur.
You feel sick.
The minotaur hits you but does no damage.
The minotaur gores you but does no damage.
You feel agile all of a sudden.
You feel sick. The minotaur barely misses you.
You riposte.
You slice the minotaur!!
You headbutt the minotaur, but do no damage.
The minotaur gores you.
The minotaur hits you but does no damage.
The minotaur gores you!
* * * LOW HITPOINT WARNING * * *
You slash the minotaur! Your headbutt misses the minotaur.
You feel sick. The minotaur completely misses you.
The minotaur gores you but does no damage.
You hit the minotaur but do no damage. You headbutt the minotaur.
You feel sick. The minotaur misses you. You furiously retaliate!
You headbutt the minotaur, but do no damage.
The minotaur gores you!
* * * LOW HITPOINT WARNING * * *
Your plate armour prevents you from hitting the minotaur.
The minotaur furiously retaliates!
The minotaur headbutts you!
* * * LOW HITPOINT WARNING * * *
You feel sick.
The minotaur hits you but does no damage.
The minotaur barely misses you.
Your plate armour prevents you from hitting the minotaur.
You headbutt the minotaur, but do no damage.
You feel sick. The minotaur barely misses you. The minotaur misses you.
You hit the minotaur but do no damage. Your headbutt misses the minotaur.
You feel sick.
The minotaur hits you but does no damage.
The minotaur gores you.
* * * LOW HITPOINT WARNING * * *
You slash the minotaur!
You feel sick. The minotaur misses you.
You riposte.
You closely miss the minotaur. You headbutt the minotaur.
The minotaur gores you!
* * * LOW HITPOINT WARNING * * *
You slash the minotaur!
You feel sick. The minotaur hits you.
* * * LOW HITPOINT WARNING * * *
The minotaur gores you!
You die...

. . # . . . .# ### .
.. #.# # # ## ## #
#@#####.# .
.#.#..H......#
#.#####.#.###.#(#####
#.... . ..#.#.((#
###.### # # ###.#.# #
# . .#.#.#.#.#.. ###
#. ### .#.#.###. # ..
#. #. #...# .. #
#####.### ### #. ## #


You could see a minotaur.

Vanquished Creatures
  Gastronok (D:9)
  4 hydras
  Harold (Lair:1)
  4 two-headed ogres
  A death knight (D:12)
  Urug (D:10)
  An unseen horror (D:12)
  A phantasmal warrior (D:12)
  An ugly thing (D:11)
  3 centaur zombies
  Maurice (D:10)
  Psyche (D:9)
  4 gargoyles (Lab)
  3 kobold demonologists (D:12)
  2 freezing wraiths (D:12)
  2 trolls
  Prince Ribbit (D:5)
  5 blink frogs (Lair:2)
  5 hippogriffs
  3 slime creatures (D:12)
  3 wyverns
  A shadow (D:12)
  20 yaks
  A wraith (D:10)
  A hungry ghost (D:7)
  A basilisk (Lair:2)
  Edmund (D:4)
  2 water moccasins
  A porcupine (Lair:1)
  5 ice beasts
  5 orc warriors
  A black bear (D:12)
  4 sky beasts
  7 ogres
  3 phantoms
  2 centaurs
  3 crocodiles
  6 big kobolds
  10 bullfrogs
  A gnoll sergeant (D:6)
  A wyvern skeleton (D:9)
  4 scorpions
  4 electric eels (Lair:2)
  2 crimson imps
  6 howler monkeys
  2 bullfrog zombies
  A quasit (D:8)
  4 hounds
  4 jellies
  6 orc wizards
  4 orc priests
  2 centaur skeletons
  Jessica (D:2)
  3 bullfrog skeletons
  Terence (D:2)
  3 iguanas
  3 worker ants
  A killer bee zombie (D:9)
  3 hound skeletons
  A worker ant zombie (D:5)
  6 gnolls
  A howler monkey skeleton (D:11)
  11 adders
  6 shadow imps
  An ooze (D:1)
  An adder zombie (D:6)
  An adder skeleton (D:5)
  6 worms
  A dart slug (D:2)
  6 leopard geckos
  37 orcs
  9 bats
  4 giant cockroaches
  9 goblins
  8 hobgoblins
  7 jackals
  22 kobolds
  6 quokkas
  7 frilled lizards
  A leopard gecko zombie (D:8)
  2 quokka skeletons (D:4)
  A quokka zombie (D:8)
  9 rats
  A plant (Lab)
342 creatures vanquished.

Vanquished Creatures (others)
  A fungus (Lair:2)
1 creature vanquished.

Grand Total: 343 creatures vanquished

Notes
Turn   | Place    | Note
-------+----------+-------------------------------------------
     0 | D:1      | MalarOregon the Minotaur Berserker began the quest for the
                  | Orb.
     0 | D:1      | Reached XP level 1. HP: 19/19 MP: 0/0
    91 | D:1      | Reached XP level 2. HP: 14/27 MP: 1/1
   374 | D:1      | Reached skill level 4 in Long Blades
   576 | D:1      | Reached ** piety under Trog
   577 | D:1      | Reached XP level 3. HP: 28/33 MP: 2/2
   844 | D:2      | Found a sacrificial altar of Ru.
  1109 | D:2      | Reached XP level 4. HP: 39/40 MP: 3/3
  1208 | D:2      | Noticed Terence
  1223 | D:2      | Killed Terence
  1232 | D:2      | Found a stormy altar of Qazlal.
  1235 | D:2      | You fall through a shaft!
  1421 | D:2      | Noticed Jessica
  1426 | D:2      | Killed Jessica
  1426 | D:2      | Reached skill level 5 in Long Blades
  1459 | D:2      | Reached XP level 5. HP: 47/47 MP: 4/4
  1493 | D:3      | Reached skill level 1 in Throwing
  1543 | D:3      | Reached *** piety under Trog
  1915 | D:4      | Reached XP level 6. HP: 44/53 MP: 5/5
  1968 | D:4      | Found a shimmering altar of Xom.
  2222 | D:4      | Got a sparkling bone ring
  2341 | D:4      | Noticed Edmund
  2361 | D:4      | Killed Edmund
  2361 | D:4      | Reached skill level 5 in Fighting
  2361 | D:4      | Reached skill level 6 in Long Blades
  2594 | D:4      | Got a transparent ring mail
  2652 | D:4      | Reached XP level 7. HP: 61/61 MP: 6/6
  2713 | D:5      | Entered Level 5 of the Dungeon
  2723 | D:5      | Found a blossoming altar of Fedhas.
  2784 | D:5      | Found an opulent altar of Gozag.
  2907 | D:5      | Reached skill level 7 in Long Blades
  3003 | D:5      | Noticed Prince Ribbit
  3020 | D:5      | Killed Prince Ribbit
  3020 | D:5      | Reached skill level 5 in Armour
  3020 | D:5      | Reached XP level 8. HP: 25/70 MP: 7/7
  3307 | D:5      | Found a shadowy altar of Dithmenos.
  3534 | D:6      | Reached skill level 5 in Dodging
  3551 | D:6      | Reached **** piety under Trog
  3551 | D:6      | Reached skill level 8 in Long Blades
  4036 | D:6      | Found a burning altar of Makhleb.
  4080 | D:6      | Found a staircase to the Ecumenical Temple.
  4223 | D:7      | Reached skill level 9 in Long Blades
  4279 | D:7      | Found an ornate altar of the Wu Jian Council.
  4290 | D:7      | Reached XP level 9. HP: 60/78 MP: 8/8
  4306 | D:7      | Reached ***** piety under Trog
  4769 | D:7      | Got a smoking broad axe
  4770 | D:7      | Identified the +7 broad axe "Rimemel" {holy, Dex+5} (You
                  | found it on level 7 of the Dungeon)
  4882 | D:8      | Found a white marble altar of Elyvilon.
  4882 | D:8      | Found a glowing golden altar of the Shining One.
  4882 | D:8      | Found a deep blue altar of Sif Muna.
  5129 | D:8      | Received a gift from Trog
  5137 | D:8      | Reached skill level 10 in Long Blades
  5138 | D:8      | Reached skill level 5 in Throwing
  5356 | D:8      | Found a glowing silver altar of Zin.
  5357 | D:8      | Noticed an angel
  5403 | D:8      | You fall through a shaft!
  5583 | D:9      | Noticed Psyche
  5587 | D:9      | Found a hide-covered altar of Uskayaw.
  5588 | D:9      | Noticed Gastronok
  5596 | D:9      | Killed Psyche
  5596 | D:9      | Reached XP level 10. HP: 88/88 MP: 9/9
  5607 | D:9      | Received a gift from Trog
  5914 | D:8      | Identified the cursed +0 ring mail of the Barracuda {rElec
                  | MR+ Regen+ Dex-2} (You found it on level 4 of the Dungeon)
  5929 | D:8      | Identified the cursed ring "Vurhurch" {Str+4 Slay-6} (You
                  | found it on level 4 of the Dungeon)
  5949 | D:9      | Got a dazzling long sword {god gift}
  5983 | D:9      | Killed Gastronok
  5983 | D:9      | Reached skill level 11 in Long Blades
  6050 | D:9      | Identified the +13 long sword "Ogats" {slice, +Blink +Rage}
                  | (Trog gifted it to you on level 9 of the Dungeon)
  6173 | D:9      | Found a staircase to the Orcish Mines.
  6335 | D:9      | Found Yce Xiag's Weapon Boutique.
  6391 | D:9      | Noticed a moth of wrath
  6405 | D:9      | Found a bloodstained altar of Trog.
  6457 | D:10     | Entered Level 10 of the Dungeon
  6458 | D:10     | Noticed Urug
  6479 | D:10     | Killed Urug
  6479 | D:10     | Reached skill level 12 in Long Blades
  6551 | D:10     | Found a staircase to the Lair.
  6563 | D:10     | Noticed a two-headed ogre
  6571 | D:10     | Killed a two-headed ogre
  6800 | D:10     | Noticed Maurice
  6817 | D:10     | Reached XP level 11. HP: 85/97 MP: 10/10
  6840 | D:10     | Killed Maurice
  7071 | D:10     | Found Dipt's Changing Room.
  7087 | D:10     | Bought 2 potions of mutation for 160 gold pieces
  7087 | D:10     | Bought a potion of mutation for 80 gold pieces
  7087 | D:10     | Bought a potion of lignification for 30 gold pieces
  7614 | D:11     | Got a warped fustibalus
  7631 | D:11     | Noticed a brown ugly thing
  7640 | D:11     | Killed a brown ugly thing
  8271 | D:11     | Reached skill level 13 in Long Blades
  8451 | D:12     | Noticed a two-headed ogre
  8456 | D:12     | Noticed a seven-headed hydra
  8458 | D:12     | Killed a two-headed ogre
  8465 | D:12     | Killed a seven-headed hydra
  8487 | D:12     | Killed an unseen horror
  8487 | D:12     | Reached skill level 10 in Fighting
  8488 | D:12     | Noticed a two-headed ogre
  8489 | D:12     | Noticed a five-headed hydra
  8495 | D:12     | Killed a two-headed ogre
  8501 | D:12     | Killed a nine-headed hydra
  8505 | D:12     | Reached XP level 12. HP: 42/106 MP: 11/11
  8717 | D:12     | Reached skill level 10 in Armour
  8774 | D:12     | Noticed a death knight
  8781 | D:12     | Killed a death knight
  8870 | D:12     | Noticed a two-headed ogre
  8878 | D:12     | Killed a two-headed ogre
  8878 | D:12     | Reached skill level 14 in Long Blades
  9232 | D:12     | Received a gift from Trog
  9255 | D:12     | Identified the +3 fustibalus of Beogh's Castigation {venom,
                  | MR+ Int+4 Stlth+} (You found it on level 11 of the Dungeon)
 10025 | Lair:1   | Entered Level 1 of the Lair of Beasts
 10083 | Lair:1   | Reached skill level 10 in Dodging
 10504 | Lair:1   | Noticed a six-headed hydra
 10509 | Lair:1   | Noticed a five-headed hydra
 10515 | Lair:1   | Killed a nine-headed hydra
 10524 | Lair:1   | Killed a five-headed hydra
 10541 | Lair:1   | Noticed Harold
 10556 | Lair:1   | Killed Harold
 11159 | Lair:2   | Reached XP level 13. HP: 67/117 MP: 12/12
 11183 | Lair:2   | Noticed Sonja
 11187 | Lair:2   | Found a labyrinth entrance.
 11195 | Lab      | Entered a labyrinth
 12259 | Lab      | Noticed a minotaur
 12275 | Lab      | HP: 3/117 [minotaur (4)]
 12275 | Lab      | Mangled by a minotaur

Skill      XL: |  1  2  3  4  5  6  7  8  9 10 11 12 |
---------------+-------------------------------------+-----
Long Blades    | 4 5 6 7 9 10 12 13 14 | 14.0
Fighting       | 4 5 6 7 9 10 11 | 11.7
Armour         | 3 4 5 6 7 8 9 11 | 11.6
Dodging        | 3 4 5 7 8 9 10 | 10.8
Throwing       | 1 2 3 4 5 6 7 9 |  9.5

Action                   |  1- 3 |  4- 6 |  7- 9 | 10-12 | 13-15 || total
-------------------------+-------+-------+-------+-------+-------++-------
Melee: Falchion          |    70 |   154 |   360 |    28 |       ||   612
       Headbutt          |    13 |    28 |    86 |    83 |     8 ||   218
       Broad axe         |       |       |     3 |       |       ||     3
       Long sword        |       |       |       |   320 |    29 ||   349
Throw: Stone             |       |     3 |       |     1 |       ||     4
       Tomahawk          |       |       |       |    38 |       ||    38
       Javelin           |       |       |       |    16 |       ||    16
Invok: Berserk           |       |     1 |     1 |     7 |     1 ||    10
       Trog's Hand       |       |       |       |     1 |       ||     1
Evoke: Wand              |       |       |       |    17 |       ||    17
       Lightning rod     |       |       |       |     8 |       ||     8
  Use: Scroll            |       |       |    12 |     6 |       ||    18
       Potion            |       |       |       |       |     1 ||     1
 Stab: Paralysed         |       |       |       |     1 |       ||     1
  Eat: Chunk             |     1 |     6 |    12 |    22 |       ||    41
       Ration            |       |       |       |     1 |     1 ||     2
Armor: Plate armour      |    46 |   102 |   203 |   194 |    11 ||   556
       Animal skin       |     3 |       |       |       |       ||     3
Dodge: Dodged            |    35 |    51 |   161 |   161 |    14 ||   422
       Rpst.: Falchion   |    12 |    17 |    34 |     5 |       ||    68
       Long sword        |       |       |       |    41 |     3 ||    44
